Map: Port Aleksander LE

Players

Tommyvv

  • Race: Zerg Zerg
  • League: Platinum
  • Spawn Location: 11:00

Yocto - Winner!

  • Race: Zerg Zerg
  • Spawn Location: 5:00

VOD

Have the link to the VOD?

Description

Time

  • Played on: Dec. 16, 2018, 11:08 a.m.
  • Length: 9:33
Show
View Real Time Build Order
Export as new Build Order

Tommyvv Zerg 

Build Orders: Hatch First, Swarm Host 

Get SALT Encoding   

  12  0:01  Drone  
  13  0:13  Overlord  
  13  0:18  Drone  
  14  0:31  Drone x2  
  16  0:38  Drone  
  17  0:48  Drone  
  18  1:00  Hatchery  
  17  1:06  Drone  
  17  1:09  Extractor  
  17  1:19  Spawning Pool  
  17  1:22  Drone  
  18  1:25  Drone  
  18  1:36  Drone  
  20  1:40  Drone  
  20  1:56  Drone  
  21  2:02  Overlord  
  21  2:09  Spine Crawler  
  21  2:13  Spine Crawler  
  19  2:15  Lair  
  19  2:16  Drone  
  19  2:19  Drone  
  21  2:25  Spine Crawler  
  21  2:30  Drone  
  21  2:34  Extractor  
  21  2:35  Drone  
  21  2:39  Drone x2  
  23  2:46  Spine Crawler  
  23  2:47  Drone  
  23  2:54  Overlord  
  23  2:59  Drone  
  24  3:06  Drone  
  25  3:16  Infestation Pit  
  25  3:17  Drone x3  
  27  3:21  Drone  
  28  3:28  Queen  
  28  3:32  Drone  
  31  3:41  Drone x2  
  31  3:47  Drone  
  34  3:53  Spine Crawler  
  34  3:55  Swarm Host  
  36  4:01  Overlord  
  36  4:03  Swarm Host  
  39  4:20  Swarm Host  
  42  4:24  Overlord  
  42  4:30  Roach Warren  
  41  4:41  Swarm Host x2  
  49  5:43  Roach x3  
  49  5:44  Swarm Host x2  
  49  5:48  Overlord x2  
  59  6:09  Swarm Host x3  
  68  6:34  Swarm Host x2  
  68  6:37  Roach, Overlord x2  
  76  7:20  Roach x3  
  76  7:21  Swarm Host x3  
  91  7:58  Overlord x3  
  91  8:33  Roach x2  
  91  8:34  Roach  
  97  8:35  Swarm Host  
  97  8:36  Swarm Host x2  
  106  9:13  Spore Crawler  
  106  9:15  Spore Crawler  
  104  9:17  Spore Crawler  
  104  9:18  Spore Crawler  
  104  9:21  Spore Crawler  
  104  9:22  Spore Crawler  
  104  9:23  Spore Crawler  
Show
View Real Time Build Order
Export as new Build Order

Yocto Zerg - Winner!

Build Orders: Hatch First 

Get SALT Encoding   

  12  0:01  Drone  
  13  0:14  Overlord  
  13  0:19  Drone  
  14  0:37  Drone x3  
  17  0:58  Hatchery  
  17  1:03  Drone x2  
  18  1:07  Extractor  
  17  1:19  Spawning Pool  
  17  1:22  Drone  
  17  1:25  Drone  
  18  1:33  Drone  
  19  1:44  Overlord  
  19  1:56  Drone  
  20  2:10  Zergling x4  
  20  2:12  Queen  
  20  2:13  Queen  
  26  2:24  Baneling Nest  
  26  2:25  Zergling x6  
  28  2:32  Metabolic Boost  
  28  2:36  Drone  
  29  2:48  Spine Crawler  
  28  2:59  Drone x4  
  28  3:01  Zergling x2  
  33  3:08  Drone  
  34  3:17  Overlord x2  
  34  3:28  Baneling  
  34  3:32  Queen  
  36  3:37  Zergling x8  
  36  3:39  Drone  
  40  3:56  Drone x4  
  40  3:57  Drone x2  
  46  4:13  Drone x2  
  46  4:14  Drone x3  
  51  4:17  Lair  
  51  4:23  Overlord x2  
  51  4:33  Evolution Chamber  
  51  4:35  Evolution Chamber  
  49  4:41  Extractor, Drone x2  
  49  4:43  Drone  
  49  4:45  Drone x2  
  53  4:55  Zergling x4  
  53  4:56  Zergling x4  
  57  5:01  Zergling x2  
  54  5:08  Zergling x6  
  54  5:12  Zergling x8  
  58  5:19  Zergling x2  
  59  5:23  Zergling x2  
  60  5:31  Zergling x2  
  59  5:38  Zergling x8  
  59  5:39  Zergling x2  
  64  5:47  Spire  
  63  5:53  Spine Crawler  
  63  5:54  Spine Crawler  
  63  5:55  Extractor  
  63  5:56  Spine Crawler, Drone x4  
  63  5:57  Extractor  
  62  5:59  Drone x2  
  57  6:27  Spine Crawler  
  57  6:28  Spine Crawler  
  57  6:29  Spine Crawler  
  55  6:32  Drone  
  55  6:33  Drone x5  
  60  6:40  Spine Crawler  
  60  6:41  Spine Crawler  
  60  6:42  Spine Crawler  
  60  6:46  Drone x5  
  60  6:47  Drone x3  
  61  7:08  Mutalisk  
  61  7:09  Mutalisk x2  
  67  7:23  Overlord x3  
  67  7:24  Overlord x2  
  67  7:35  Spine Crawler  
  67  7:37  Spine Crawler  
  65  7:40  Spine Crawler  
  64  7:46  Mutalisk x4, Spine Crawler  
  64  7:47  Mutalisk x3  
  77  7:54  Mutalisk x2  
  81  8:07  Mutalisk x3  
  86  8:20  Mutalisk  
  85  8:36  Spine Crawler  
  85  8:37  Mutalisk x2  
  85  8:40  Spine Crawler  
  87  8:48  Mutalisk  
  87  8:52  Zergling x10  
  87  8:53  Zergling x8  
  95  9:11  Hatchery  
Tags
 
Composition
Swarm Host
League
Platinum
Matchup
ZvZ
Race
Zerg
Replay Pack
Yocto
Spawn Locations
Cross Positions
Add a new tag
Caveats
  • Supply blocks, unpowered buildings, or Contaminate may cause inaccurate times.
  • Supply counts are checked every 10 seconds.